 Dungeon Crawl Stone Soup version 0.18.1-48-g4cf74bf (webtiles) character file.

201 MistressOfTheDunes the Insei (level 5, -11/43 HPs)
             Began as a Mummy Monk on June 25, 2016.
             Killed by divine providence
             ... invoked by an orc priest
              (13 damage)
             ... on level 4 of the Dungeon.
             The game lasted 00:04:16 (4706 turns).

MistressOfTheDunes the Insei (Mummy Monk)           Turns: 4706, Time: 00:04:16

Health: -11/43     AC:  0    Str: 14    XL:     5   Next: 50%
Magic:  5/5        EV: 13    Int: 10    God:
Gold:   148        SH:  0    Dex: 15    Spells: 0 memorised, 4 levels left

rFire  x . .     SeeInvis .       - Unarmed
rCold  + . .     Gourm    .     (no armour)
rNeg   + + +     Faith    .     (no shield)
rPois  ∞         Spirit   .     (no helmet)
rElec  .         Dismiss  .     (no cloak)
rCorr  .         Reflect  .     (no gloves)
SustAt .         Harm     .     (no boots)
MR     .....     Rnd*Tele +     (no amulet)
Stlth  ++........               (no ring)
                                h - ring of teleportation (curse)

@: not resistant to hostile enchantments, unstealthy
A: no food or potions, fire vulnerability, cold resistance 1, negative energy
resistance 3, torment resistance, unbreathing
a: no special abilities


You were on level 4 of the Dungeon.
You were not hungry.

You visited 1 branch of the dungeon, and saw 4 of its levels.

You collected 148 gold pieces.


Innate Abilities, Weirdness & Mutations

You do not eat or drink.
Your flesh is vulnerable to fire.
You are immune to poison.
Your flesh is cold resistant.
You are immune to negative energy.
You are immune to unholy pain and torment.
You can survive without breathing.


   Skills:
 + Level 4.4 Fighting
 - Level 2.4 Dodging
 - Level 1.5 Stealth
 - Level 5.0 Unarmed Combat


You had 4 spell levels left.
You didn't know any spells.

Inventory:

Missiles
 k - 11 poisoned needles
Jewellery
 h - a cursed ring of teleportation (left hand)
Scrolls
 a - a scroll of magic mapping {unknown}
 b - 2 scrolls of identify {unknown}
 c - a scroll of amnesia {unknown}
 d - a scroll of immolation {unknown}
 e - 2 scrolls of enchant weapon {unknown}
 f - a scroll of teleportation {unknown}
 g - a scroll of remove curse {unknown}
 i - 2 scrolls of blinking
 j - a scroll of fog {unknown}

Dungeon Overview and Level Annotations

Branches:
Dungeon (4/15)
 Temple: D:4-7

Altars:

▒.....▒ ▒.....▒ ▒.....▒ ▒.....▒
▒▒▒▒▒▒.....▒ ▒.....▒ .....▒.....▒
▒.....▒ o...... .....▒.....▒
▒.....▒ ...... .....▒.....▒
▒÷....▒ ...... .....'.....▒
▒.....▒ ▒.....
+▒▒▒▒▒.....▒▒▒▒▒.....▒ ▒▒.....
..........▒▒.<.oM▒▒▒▒▒ ▒......
..........+....oo....▒ ▒......
..........▒..........▒ ▒......
..........▒..........▒.. ▒.o..%.
..........▒...▒▒....▒▒....▒......
▒▒▒▒▒.....▒...▒▒▒▒▒▒▒▒....▒.o....
....+.....▒..........▒....▒....▒▒
....▒.....▒.........▒▒....▒▒...▒▒
....▒.....▒.........▒▒....▒▒....▒


You could see an orc priest, an orc wizard and an orc.


Message History

You closely miss the orc priest!
The orc priest hits you with a short sword!!! * * * don't die
* * * You closely miss the orc priest!
The orc priest hits you with a short sword! * * * don't die
* * * You pummel the orc priest like a punching bag!
The orc priest is lightly wounded!
The orc priest closely misses you!
You pummel the orc priest like a punching bag!
The orc priest is moderately wounded!
The orc wizard barely misses you!
The orc hits you with a long sword!!! * * * don't die
* * * You barely miss the orc priest!
The orc priest is moderately wounded!
The orc priest barely misses you!
The orc wizard hits you with a dagger! * * * don't die
* * * The orc barely misses you!
You closely miss the orc priest!
The orc priest is moderately wounded!
The orc priest miscasts a cantrip!
The orc wizard hits you with a dagger! * * * don't die
* * * You squash the orc priest like an ant!!!
Your punch misses the orc priest!
The orc priest is severely wounded!
The orc closely misses you!
The orc priest invokes the aid of Beogh against you!
Beogh smites you!!! rip

Action                   |  1- 3 |  4- 6 || total
-------------------------+-------+-------++-------
Melee: Unarmed           |   159 |   107 ||   266
       Punch             |     2 |     4 ||     6
  Use: Scroll            |       |     1 ||     1
 Stab: Sleeping          |     9 |     2 ||    11
       Distracted        |       |     1 ||     1
Dodge: Dodged            |   100 |    57 ||   157

Vault maps used:
D:1:      dpeg_arrival_tiny_a, hex_medium, st_stairs_3
D:2:      grunt_ministairs_1
D:3:      serial_bayou_lagoon_a
D:4:      first_bread

Notes
Turn   | Place    | Note
--------------------------------------------------------------
     0 | D:1      | MistressOfTheDunes the Mummy Monk began the quest for the Orb.
     0 | D:1      | Reached XP level 1. HP: 18/18 MP: 1/1
   235 | D:1      | Reached XP level 2. HP: 21/24 MP: 2/2
   697 | D:1      | Reached skill level 4 in Unarmed Combat
  1175 | D:1      | Reached XP level 3. HP: 25/29 MP: 3/3
  2750 | D:3      | Reached XP level 4. HP: 28/35 MP: 4/4
  3461 | D:3      | Reached skill level 5 in Unarmed Combat
  4048 | D:4      | Reached XP level 5. HP: 13/42 MP: 5/5
  4349 | D:4      | Reached skill level 4 in Fighting
  4704 | D:4      | HP: 4/43 [orc wizard/dagger (4)]
  4705 | D:4      | HP: 1/43 [orc wizard/dagger (3)]
  4706 | D:4      | Killed from afar by an orc priest

Vanquished Creatures
  A giant frog skeleton (D:4)
  A worker ant (D:4)
  7 adders
  2 worms
  3 dart slugs
  3 giant geckos
  3 orcs
  A ball python (D:2)
  5 bats
  A giant cockroach (D:1)
  5 goblins
  15 hobgoblins
  A jackal (D:1)
  8 kobolds
  A quokka (D:2)
  2 giant newts (D:1)
  6 rats
65 creatures vanquished.
